 Dungeon Crawl Stone Soup version 0.20.0 (webtiles) character file.

108 Somefellow the Skirmisher (level 4, -11/61 HPs)
             Began as a Minotaur Berserker on June 15, 2017.
             Was a Priest of Trog.
             Mangled by Blork the orc
             ... wielding a +0 hand axe of electrocution
              (14 damage)
             ... on level 4 of the Dungeon.
             The game lasted 00:04:56 (1969 turns).

Somefellow the Skirmisher (Minotaur Berserker)      Turns: 1969, Time: 00:04:57

Health: -11/61     AC:  8    Str: 27    XL:     4   Next: 58%
Magic:  3/3        EV: 11    Int:  4    God:    Trog [***...]
Gold:   265        SH:  0    Dex: 10    Spells: 3/3 levels left

rFire    . . .     SeeInvis .   w - +0 war axe
rCold    . . .     Gourm    .   (no shield)
rNeg     . . .     Faith    .   c - +0 scale mail
rPois    .         Spirit   .   (helmet restricted)
rElec    .         Reflect  .   (no cloak)
rCorr    .         Harm     .   (no gloves)
MR       .....                  m - +0 pair of boots
Stlth    ..........             (no amulet)
Regen    0.2/turn               (no ring)
MPRegen  0.1/turn               (no ring)

@: berserking, very quick
A: retaliatory headbutt, horns 2
a: Berserk, Trog's Hand, Burn Spellbooks, Renounce Religion


You were on level 4 of the Dungeon.
You worshipped Trog.
Trog was most pleased with you.
You were very hungry.

You visited 1 branch of the dungeon, and saw 4 of its levels.

You collected 265 gold pieces.

Inventory:

Hand Weapons
 w - a +0 war axe (weapon)
   (You took it off an orc on level 3 of the Dungeon)
Armour
 c - a +0 scale mail (worn)
   (You found it on level 1 of the Dungeon)
 m - a +0 pair of boots (worn)
   (You found it on level 2 of the Dungeon)
Scrolls
 a - a scroll of blinking {unknown}
 g - 3 scrolls of identify {unknown}
 h - 2 scrolls of remove curse {unknown}
 j - 3 scrolls of teleportation {unknown}
 l - 2 scrolls of enchant weapon {unknown}
 n - a scroll of noise {unknown}
 o - a scroll of fog {unknown}
 p - 2 scrolls of fear {unknown}
 t - a scroll of random uselessness {unknown}
Potions
 e - a potion of flight {unknown}
 f - a potion of haste {unknown}
 k - 2 potions of curing {@q1}
 u - a potion of invisibility {unknown}
Comestibles
 b - 4 chunks of flesh
 q - a bread ration
 r - 2 meat rations
 s - 2 royal jellies
 v - 2 fruits


   Skills:
 + Level 4.7 Fighting
 + Level 4.3 Axes
 + Level 3.4 Armour
 + Level 3.2 Dodging


You had 3 spell levels left.
You didn't know any spells.

Dungeon Overview and Level Annotations

Branches:
Dungeon (4/15)
 Temple: D:4-7

Altars:

Annotations:
D:4 Blork the orc


Innate Abilities, Weirdness & Mutations

You reflexively headbutt those who attack you in melee.
You have a pair of horns on your head.


Message History

b - 4 chunks of flesh (gained 1)
You see here a leopard gecko skeleton. x2
r - 2 meat rations (gained 1)
A giant cockroach comes into view.
A giant cockroach is nearby!
A giant cockroach is nearby!
A giant cockroach is nearby!
The giant cockroach barely misses you. x2
You hit the giant cockroach.
The giant cockroach bites you but does no damage.
You hit the giant cockroach.
You kill the giant cockroach!
Trog accepts your kill.
No target in view!
Found an escape hatch in the ceiling.
Found a scroll labeled KOWAOWO ONUQIL.
h - 2 scrolls labeled KOWAOWO ONUQIL (gained 1) Blork the orc comes into view.
He is wielding a hand axe of electrocution.
Blork the orc gestures at you while chanting.
The magic dart hits you!
Found a scroll labeled CIAN PODOCUE and a bread ration.
Blork the orc is nearby!
Blork the orc is nearby!
There is an escape hatch in the ceiling here.
Blork the orc misses you. You furiously retaliate!
You headbutt Blork the orc. You closely miss Blork the orc.
Blork the orc hits you with a hand axe of electrocution.
You slash Blork the orc!
Blork the orc hits you but does no damage.
Blork the orc casts a spell.
Blork the orc seems to speed up.
You closely miss Blork the orc. You headbutt Blork the orc.
Blork the orc casts a spell at you. The magic dart hits you!
You hit Blork the orc but do no damage.
Blork the orc drinks a potion.
Blork the orc is healed!
Blork the orc screams, "I'm going to kill you!"
Blork the orc hits you with a hand axe of electrocution.
You are electrocuted!
A red film seems to cover your vision as you go berserk!
You feel yourself moving faster!
You feel mighty!
You are feeling very hungry.
Blork the orc hits you but does no damage.
You are electrocuted!
* * * LOW HITPOINT WARNING * * *
Blork the orc hits you but does no damage.
You slash Blork the orc! Your headbutt misses Blork the orc.
Blork the orc hits you but does no damage.
You are electrocuted!
You die...

.# .## ## #..#
... .#.#######
..% .#.##.>...
..# ......[.[.
#.# ##.##.###
#.# #.##.#
#.######.####.#
##.##.#
#..?.o@<......#
......#
########.#######
..########
#...........##
.........#
#.###........#
########.#
#..####..# #.#
#.###..# #..#
#.# #.##...#
#..# #.#
#.##.#.# #..#
#.# #.##.#.#
#..#


You could see Blork the orc.

Vanquished Creatures
  An adder (D:2)
  An ooze (D:2)
  2 worms (D:2)
  A dart slug (D:1)
  3 leopard geckos
  6 orcs (D:3)
  5 bats
  5 giant cockroaches
  5 goblins
  8 hobgoblins
  14 jackals
  3 ball pythons (D:3)
  3 frilled lizards
  10 kobolds
  4 rats
71 creatures vanquished.

Notes
Turn   | Place    | Note
-------+----------+-------------------------------------------
     0 | D:1      | Somefellow the Minotaur Berserker began the quest for the Orb.
     0 | D:1      | Reached XP level 1. HP: 19/19 MP: 0/0
   121 | D:1      | Reached XP level 2. HP: 21/27 MP: 1/1
   676 | D:2      | Reached ** piety under Trog
   676 | D:2      | Reached XP level 3. HP: 33/33 MP: 2/2
  1020 | D:3      | Reached XP level 4. HP: 41/41 MP: 3/3
  1559 | D:3      | Reached *** piety under Trog
  1961 | D:4      | Noticed Blork the orc
  1968 | D:4      | HP: 3/61 [Blork the orc/hand axe of electrocution (12)]
  1969 | D:4      | Mangled by Blork the orc

Skill      XL: |  1  2  3  4 |
---------------+-------------+-----
Fighting       | 4 |  4.7
Axes           | 4 |  4.3
Armour         | 3 |  3.4
Dodging        | 3 |  3.2

Action                   |  1- 3 |  4- 6 || total
-------------------------+-------+-------++-------
Melee: Hand axe          |    84 |    32 ||   116
       Headbutt          |    13 |     8 ||    21
       War axe           |       |    20 ||    20
Invok: Berserk           |     1 |     1 ||     2
  Eat: Chunk             |     1 |     3 ||     4
Armor: Animal skin       |     5 |       ||     5
       Scale mail        |    38 |    25 ||    63
Dodge: Dodged            |    68 |    39 ||   107
